Map: New Repugnancy LE

Players

MaliCiouS - Winner!

  • Race: Zerg Zerg
  • League: Platinum
  • Spawn Location: 7:00

KachunK

  • Race: Zerg Zerg
  • League: Platinum
  • Spawn Location: 1:00

VOD

Have the link to the VOD?

Description

Time

  • Played on: June 7, 2019, 11:26 p.m.
  • Length: 18:33
Show
View Real Time Build Order
Export as new Build Order

MaliCiouS Zerg - Winner!

Build Orders: Hatch First 

Get SALT Encoding   

  12  0:01  Drone  
  13  0:11  Drone  
  14  0:16  Overlord  
  14  0:37  Drone x3  
  17  1:05  Hatchery  
  17  1:07  Drone  
  17  1:09  Extractor  
  17  1:11  Drone  
  17  1:12  Drone  
  18  1:22  Spawning Pool  
  18  1:23  Drone  
  18  1:36  Drone  
  19  1:54  Overlord  
  20  2:08  Drone  
  20  2:09  Drone  
  20  2:13  Queen  
  20  2:14  Zergling x2  
  24  2:15  Metabolic Boost  
  24  2:34  Zergling x2  
  24  2:35  Zergling x2  
  26  2:41  Queen  
  28  2:46  Overlord  
  28  2:49  Queen  
  30  2:52  Baneling Nest  
  29  3:00  Zergling x2  
  29  3:01  Extractor  
  29  3:06  Zergling x6  
  29  3:11  Drone  
  33  3:25  Drone x2  
  35  3:30  Drone x2  
  35  3:33  Extractor  
  36  3:43  Baneling  
  36  3:44  Baneling  
  36  3:45  Zergling x6  
  36  3:46  Drone x2  
  41  3:54  Baneling  
  41  4:13  Drone x3  
  44  4:22  Evolution Chamber x2  
  41  4:31  Evolution Chamber  
  40  4:32  Drone  
  40  4:33  Roach Warren, Drone x2  
  39  4:49  Zerg Missile Weapons Level 1  
  39  4:50  Zerg Ground Armor Level 1, Drone x4  
  43  5:04  Overlord x2  
  43  5:17  Overlord x2  
  43  5:22  Queen, Overlord  
  43  5:27  Drone x4  
  49  5:45  Drone x4  
  49  5:46  Drone  
  54  6:08  Roach x5  
  64  6:16  Roach x2  
  74  6:32  Roach x2  
  74  6:33  Roach x3  
  74  6:37  Burrow  
  78  6:40  Baneling  
  78  6:41  Baneling, Roach  
  80  6:51  Overlord x3  
  80  6:58  Extractor  
  79  7:02  Zerg Melee Weapons Level 1  
  79  7:07  Lair  
  79  7:09  Roach x2  
  79  7:10  Overlord  
  79  7:11  Roach x3  
  89  7:26  Hatchery  
  88  7:32  Roach x5  
  88  7:33  Roach x2  
  102  7:42  Drone x3  
  105  8:08  Glial Reconstitution  
  105  8:10  Zerg Ground Armor Level 2, Zerg Missile Weapons Level 2  
  93  8:13  Roach x2  
  93  8:14  Roach x3  
  103  8:34  Roach x6, Spore Crawler  
  103  8:35  Roach x2  
  113  8:45  Roach x2  
  113  8:47  Drone  
  118  8:53  Baneling x2, Drone x2  
  118  8:54  Drone  
  117  9:08  Queen x2  
  99  9:31  Roach x7  
  93  9:45  Spore Crawler x2  
  83  9:48  Spore Crawler  
  70  10:09  Hydralisk Den  
  70  10:12  Queen x2, Spore Crawler  
  70  10:39  Spore Crawler  
  70  10:40  Overlord x2, Spore Crawler  
  70  10:41  Overlord  
  68  10:43  Roach x6  
  68  10:44  Roach  
  79  10:59  Hydralisk x3  
  79  11:02  Drone x2  
  83  11:12  Drone x3  
  86  11:24  Drone  
  87  11:25  Hydralisk  
  87  11:26  Hydralisk  
  91  11:38  Hydralisk x2  
  92  11:46  Drone  
  90  11:47  Drone  
  90  11:49  Drone  
  91  11:55  Drone x5  
  91  12:00  Hydralisk  
  98  12:06  Spore Crawler  
  97  12:13  Spore Crawler  
  97  12:14  Drone x2  
  98  12:21  Spore Crawler  
  97  12:24  Overlord x2  
  94  12:55  Drone x8  
  94  12:56  Drone x4  
  106  12:58  Overlord  
  106  12:59  Overlord x2  
  106  13:17  Overlord x3  
  106  13:20  Drone x2  
  106  13:23  Drone  
  106  13:25  Drone  
  110  13:41  Extractor  
  110  13:44  Hydralisk x5  
  110  13:46  Extractor  
  116  13:50  Hydralisk  
  116  13:51  Hydralisk  
  116  14:00  Hydralisk x3  
  118  14:18  Hydralisk x4  
  118  14:19  Hydralisk x2  
  130  14:40  Infestation Pit  
  129  14:46  Hatchery  
  129  14:47  Queen  
  130  15:06  Overlord x2  
  130  15:07  Overlord x2  
  132  15:30  Roach, Hydralisk x3  
  132  15:31  Roach x4  
  132  15:32  Spine Crawler  
  147  15:36  Spine Crawler, Spore Crawler  
  147  15:37  Hive  
  147  15:39  Drone x3  
  147  15:40  Drone  
  140  16:02  Muscular Augments  
  140  16:11  Infestor x3  
  146  16:24  Pathogen Glands  
  146  16:30  Overlord x4  
  146  16:35  Drone  
  146  16:36  Drone x3  
  150  16:40  Extractor  
  150  16:41  Hydralisk x5  
  150  16:43  Extractor  
  150  16:46  Infestor  
  160  16:50  Infestor  
  160  16:51  Infestor x2  
  166  17:12  Hydralisk  
  166  17:13  Hydralisk x5  
  166  17:14  Grooved Spines  
  174  17:53  Roach x3, Hydralisk x5  
  174  17:54  Infestor  
  192  18:03  Overlord x4  
Show
View Real Time Build Order
Export as new Build Order

KachunK Zerg 

Build Orders: 1 Base Baneling Bust, Pool First, Zergling Baneling 

Get SALT Encoding   

  12  0:01  Drone  
  13  0:08  Drone  
  14  0:15  Extractor  
  14  0:18  Overlord  
  13  0:24  Drone  
  14  0:38  Drone  
  14  0:39  Drone  
  16  0:45  Drone  
  17  0:56  Spawning Pool  
  16  1:01  Drone  
  17  1:08  Drone  
  18  1:17  Drone  
  19  1:29  Drone  
  20  1:38  Overlord  
  20  1:42  Metabolic Boost  
  20  1:47  Baneling Nest  
  20  1:48  Queen  
  20  1:52  Zergling x2  
  22  2:07  Zergling x2  
  23  2:12  Zergling x2  
  24  2:21  Zergling x2  
  25  2:25  Hatchery  
  24  2:31  Zergling x2  
  25  2:37  Queen  
  25  2:43  Zergling x2  
  28  2:53  Zergling x2  
  29  3:06  Zergling x2  
  30  3:17  Overlord  
  30  3:26  Overlord  
  30  3:34  Lair  
  30  3:36  Drone x2  
  32  3:43  Zergling x6  
  32  3:46  Baneling x2  
  32  3:47  Baneling x2  
  36  3:48  Zergling x2  
  36  3:49  Zergling x2  
  37  3:59  Zergling x2  
  37  4:00  Zergling x2  
  40  4:17  Drone x2  
  40  4:27  Drone  
  41  4:31  Roach Warren  
  41  4:32  Extractor  
  41  4:33  Drone x5  
  44  4:43  Baneling  
  44  4:44  Baneling x9  
  44  5:00  Zergling x2  
  44  5:01  Zergling x10  
  50  5:13  Drone  
  50  5:14  Drone  
  51  5:27  Overlord x2  
  51  5:34  Extractor  
  50  5:36  Drone  
  51  5:43  Overlord  
  51  5:44  Overlord x2  
  51  6:00  Spire, Hatchery  
  51  6:01  Roach  
  51  6:02  Drone  
  52  6:19  Roach  
  52  6:20  Roach x3  
  52  6:23  Drone  
  52  6:24  Drone  
  62  6:28  Spore Crawler  
  62  6:30  Drone  
  62  6:34  Drone  
  62  6:35  Drone  
  64  6:41  Extractor  
  64  6:46  Drone x2  
  65  6:59  Drone  
  65  7:00  Drone x2  
  68  7:13  Drone x3  
  71  7:16  Spore Crawler  
  71  7:18  Drone  
  71  7:33  Mutalisk x5  
  81  7:38  Drone  
  81  7:39  Drone x2  
  84  7:53  Drone  
  84  7:54  Drone x4  
  84  7:57  Spore Crawler  
  88  7:59  Spore Crawler  
  88  8:04  Mutalisk x2  
  69  8:13  Mutalisk x3  
  68  8:26  Mutalisk x3  
  72  8:37  Mutalisk  
  72  8:40  Zergling x2  
  72  8:41  Zergling x14  
  80  8:49  Mutalisk  
  82  9:00  Mutalisk  
  82  9:01  Mutalisk  
  86  9:09  Mutalisk  
  78  9:11  Zergling x2  
  78  9:12  Zergling x4  
  81  9:25  Zergling x10  
  74  9:39  Zergling x10  
  74  9:40  Zergling x8  
  80  9:48  Mutalisk  
  80  9:49  Mutalisk x2  
  84  9:58  Drone  
  84  9:59  Drone x2  
  83  10:34  Zergling x2  
  73  10:49  Zergling x14  
  78  10:50  Zergling x12  
  78  10:55  Zergling x2  
  79  11:01  Mutalisk  
  79  11:02  Mutalisk x2  
  80  11:16  Zergling x6  
  81  11:22  Drone  
  81  11:23  Drone x2  
  81  11:25  Extractor  
  83  11:26  Extractor  
  65  11:40  Zergling x18  
  68  11:56  Mutalisk x4  
  76  12:03  Mutalisk x2  
  80  12:14  Zergling x6  
  83  12:16  Drone  
  83  12:22  Drone  
  85  12:23  Drone  
  86  12:34  Drone  
  86  12:35  Drone x2  
  82  12:53  Zergling x2  
  82  12:54  Zergling x18  
  87  13:04  Zergling x2  
  87  13:05  Zergling x4  
  90  13:10  Overlord  
  90  13:32  Infestation Pit  
  89  13:37  Evolution Chamber  
  89  13:38  Evolution Chamber  
  87  13:42  Zergling x20  
  87  13:43  Zergling x2  
  82  14:20  Drone x9  
  91  14:27  Zerg Melee Weapons Level 1  
  91  14:29  Zerg Ground Armor Level 1  
  91  14:33  Hive  
  91  14:43  Mutalisk  
  91  14:44  Mutalisk x2  
  97  14:45  Overlord  
  97  14:46  Overlord x2  
  97  14:56  Hatchery  
  96  15:03  Mutalisk x5  
  96  15:04  Mutalisk x3  
  112  15:09  Overlord x2  
  112  15:33  Overseer  
  110  16:10  Ultralisk Cavern  
  109  16:14  Drone x8  
  109  16:15  Drone x2  
  119  16:22  Pneumatized Carapace  
  119  16:26  Mutalisk  
  119  16:27  Mutalisk x3  
  127  16:36  Drone  
  127  16:37  Drone x3  
  131  16:45  Mutalisk  
  133  16:59  Extractor  
  133  17:01  Chitinous Plating  
  132  17:02  Extractor  
  132  17:04  Ultralisk  
  132  17:05  Ultralisk  
  132  17:07  Overlord x2  
  132  17:08  Overlord x3  
  129  17:52  Ultralisk x7  
Tags
 
Add a new tag
Caveats
  • Supply blocks, unpowered buildings, or Contaminate may cause inaccurate times.
  • Supply counts are checked every 10 seconds.